 Dungeon Crawl Stone Soup version 0.31.0-11-ge490571c62 (webtiles) character file.

Game seed: 9801570923474866496

115361 qw the Acrobat (level 15, -7/79 HPs)
             Began as a Spriggan Hunter on Feb 3, 2024.
             Was a High Priest of Okawaru.
             Constricted to death by a shambling mangrove (10 damage)
             ... on level 1 of the Swamp.
             The game lasted 00:03:50 (20616 turns).

qw the Acrobat (Spriggan Hunter)                   Turns: 20616, Time: 00:03:51

Health: -7/79      AC:  5    Str:  7    XL:     15   Next: 94%
Magic:  23/23      EV: 53    Int: 12    God:    Okawaru [*****.]
Gold:   1235       SH:  5    Dex: 31    Spells: 14/14 levels left

rFire   + . .        w - +4 arbalest (flame)
rCold   + + +        (shield currently unavailable)
rNeg    . . .        r - +0 robe of the Unbroken {rF+ rC+ Regen+ Dex+3}
rPois   +            x - +3 hat "Dez Bunu" {rPois rC++ Dex-3 Slay+6}
rElec   .            b - scarf {repulsion}
rCorr   .            (gloves unavailable)
SInv    +            (boots unavailable)
Will    ++...        p - amulet of reflection
Stlth   +++          s - +6 ring of dexterity
HPRegen 1.13/turn    f - +5 ring of evasion
MPRegen 0.18/turn

%: repel missiles, reflection
@: about to teleport, grasped by roots, constricted, very quick
A: very small, no large weapons, unfitting armour, see invisible, speed 3
a: Renounce Religion, Heroism, Finesse, Duel


You were on level 1 of the Swamp.
You worshipped Okawaru.
Okawaru was extremely pleased with you.
You visited 5 branches of the dungeon, and saw 24 of its levels.
You also visited: Gauntlet.

You collected 2766 gold pieces.
You spent 1531 gold pieces at shops.


Innate Abilities, Weirdness & Mutations

You are very small and have problems with some larger weapons.
You are too small for most types of armour.
You have supernaturally acute eyesight. (SInv)
You cover ground extremely quickly. (Speed+++)


   Skills:
 - Level 9.0 Fighting
 + Level 17.6 Ranged Weapons
 - Level 1.4 Armour
 - Level 23.3 Dodging
 - Level 1.5 Stealth
 - Level 10.0 Invocations


You had 14 spell levels left.
You didn't know any spells.
Your spell library was empty.

Inventory:

Hand Weapons
 w - a +4 arbalest of flaming (weapon)
 y - the +4 orcbow "Ebok" {elec, rF- rC+++ Int+2 Dex+2}
   (Okawaru gifted it to you on level 13 of the Dungeon)

   Int+2:     It affects your intelligence (+2).
   Dex+2:     It affects your dexterity (+2).
   rF-:       It makes you vulnerable to fire.
   rC+++:     It renders you almost immune to cold.
Armour
 b - a scarf of repulsion (worn)
 i - a scarf of resistance
 o - a +0 cloak
 r - the +0 robe of the Unbroken (worn) {rF+ rC+ Regen+ Dex+3}
   (You found it on level 8 of the Dungeon)

   Dex+3:     It affects your dexterity (+3).
   rF+:       It protects you from fire.
   rC+:       It protects you from cold.
   Regen+:    It increases your rate of health regeneration.
 x - the +3 hat "Dez Bunu" (worn) {rPois rC++ Dex-3 Slay+6}
   (Okawaru gifted it to you on level 13 of the Dungeon)

   Dex-3:     It affects your dexterity (-3).
   Slay+6:    It affects your accuracy & damage with ranged weapons and melee
   (+6).
   rC++:      It greatly protects you from cold.
   rPois:     It protects you from poison
Jewellery
 f - a +5 ring of evasion (right hand)
 h - a ring of protection from fire
 p - an amulet of reflection (around neck)
 s - a +6 ring of dexterity (left hand)
Wands
 c - a wand of acid (4)
 j - a wand of polymorph (6)
 m - a wand of roots (10)
 q - a wand of paralysis (25)
Scrolls
 k - 10 scrolls of identify
 n - 6 scrolls of enchant armour
 v - 2 scrolls of teleportation
Potions
 a - a potion of magic
 d - 10 potions of curing
 e - 2 potions of enlightenment
 g - 4 potions of might
 l - 6 potions of haste
 t - a potion of heal wounds
 u - 3 potions of mutation
 z - a potion of resistance {unknown}

Dungeon Overview and Level Annotations

Branches:
Dungeon (15/15)            Temple (1/1) D:7            Lair (5/5) D:10
  Swamp (1/4) Lair:3        Snake (0/4) Lair:2        Slime (0/5) Lair:4
    Orc (2/2) D:12            Elf (0/3) Orc:2        Vaults (0/5) D:13
 Depths (0/4) D:15        Gauntlet (visited)

Altars:
Ashenzari
Cheibriados
Dithmenos
Elyvilon
Fedhas
Gozag
Hepliaklqana
Kikubaaqudgha
Makhleb
Nemelex Xobeh
Okawaru
Qazlal
Ru
Sif Muna
Trog
Uskayaw
Vehumet
Wu Jian
Xom
Yredelemnul
Zin
The Shining One
Jiyva

Shops:
D:5 *   Orc:2 [=?!

Annotations:
D:11 3 runed translucent doors, qw's ghost, journeyman DEHu
Lair:5 1 runed translucent door, qw's ghost, journeyman SpHu


Message History

The five-headed hydra completely misses you. x3
You shoot a bolt. The bolt hits the five-headed hydra!!
The bolt burns the five-headed hydra.
The five-headed hydra is moderately wounded.
The five-headed hydra completely misses you.
The five-headed hydra bites you! The five-headed hydra misses you.
You block the five-headed hydra's attack.
The five-headed hydra completely misses you.
You shoot a bolt. The bolt hits the five-headed hydra!!
The bolt burns the five-headed hydra!
The five-headed hydra is severely wounded.
The five-headed hydra completely misses you. x5
Roots burst forth from the earth!
The grasping roots grab you! The grasping roots constrict you!
You shoot a bolt. The bolt hits the five-headed hydra!!
The bolt burns the five-headed hydra.
You kill the five-headed hydra!
Okawaru accepts your kill.
The swamp worm fires a harpoon shot at you.
The harpoon shot is repelled.
The grasping roots constrict you!
You shoot a bolt. The bolt hits the swamp worm!!
The bolt burns the swamp worm!
The swamp worm is severely wounded.
The swamp worm fires a harpoon shot at you.
The harpoon shot misses you. The grasping roots constrict you!
The swamp worm fires a harpoon shot at you.
The harpoon shot misses you.
You shoot a bolt. The bolt hits the swamp worm!
The bolt burns the swamp worm.
You kill the swamp worm!
Okawaru accepts your kill.
You shoot a bolt. The bolt hits the shambling mangrove!!
The bolt burns the shambling mangrove.
The shambling mangrove is heavily damaged.
A swamp worm comes into view.
The grasping roots constrict you!!
20616 ||| READING 3 scrolls of teleportation.
As you read the scroll of teleportation, it crumbles to dust.
You feel strangely unstable. The grasping roots constrict you!
You die...

[...7~........77
7777~77¤.......7
¤~~~. ~~7
¤777~~~~.~.77
.~~~. ¤77 77
7.~¤~~~~.7 ~~~~~.
>.77 ~~....~~~~7
~~~~~. ~~..
....7~...~77[~~~..
~~~.
.~~~.7....~..~~~..
~~.~
~~~~~~....~..%~~..
~~..
...7~.~~.@f~~~~~.
77 7.~~~...~~~~~.
7¤~~~)77..?...
77.).~7 ~%....
7..¤77 .~..~ ....~
...~~ 7 ~..)77
~w~~ 7 .... .~¤¤


77 You could see a shambling mangrove and a swamp worm.

Vanquished Creatures
  Jorgrun (Swamp:1)
  Donald (Orc:2)
  A stone giant (D:15)
  An eleionoma (Swamp:1)
  A minotaur (Gauntlet)
  Azrael (D:15)
  Snorg (Orc:2)
  Josephine (D:13)
  7 hydras
  6 centaur warriors
  Erolcha (Orc:2)
  A merfolk avatar (Lair:5)
  3 ogre magi
  A boulder beetle (D:13)
  8 two-headed ogres
  4 tengu warriors
  An occultist (D:15)
  Nergalle (Orc:2)
  3 skysharks
  7 skeletal warriors
  A bog body (Swamp:1)
  A deep elf archer (D:13)
  2 goliath frogs
  3 orc knights
  A harpy (Lair:5)
  4 deep elf pyromancers
  8 orc sorcerers (Orc:2)
  12 ugly things
  A spectral boulder beetle (D:11)
  Maurice (D:7)
  4 manticores
  3 cyclopes
  3 kobold blastminers (Orc:2)
  An ice statue (Gauntlet)
  Joseph (D:8)
  16 elephants
  2 centaur zombies (D:11)
  4 black mambas
  A torpor snail (Lair:5)
  6 centaur skeletons
  15 cane toads
  2 gargoyles
  2 kobold demonologists (D:13)
  An unseen horror (D:9)
  7 rime drakes
  A rime drake (shapeshifter) (D:14)
  Jeremiah (D:8)
  6 komodo dragons
  3 yaktaurs (D:13)
  6 trolls
  3 polar bears
  2 wind drakes (Lair:5)
  6 hornets
  Prince Ribbit (D:8)
  8 blink frogs
  A snapping turtle (Lair:5)
  A tyrant leech (Swamp:1)
  A spectral meliai (D:11)
  6 slime creatures
  A centaur simulacrum (D:14)
  4 shadows
  5 vampires
  3 spriggans (Swamp:1)
  9 wraiths
  60 yaks
  A yak (shapeshifter) (D:13)
  8 wyverns
  3 wargs
  5 basilisks
  A fire elemental (D:15)
  2 vampire mosquitoes (D:11)
  5 steam dragons
  2 nagas (Lair:2)
  4 swamp worms (Swamp:1)
  4 hell hounds (D:15)
  An acid dragon (D:12)
  7 water moccasins
  Duvessa (D:7)
  An ice beast (D:3)
  5 black bears
  2 boulder beetle simulacra (D:11)
  25 orc warriors
  A swamp drake (Lair:3)
  4 laughing skulls (D:15)
  8 wolves
  14 ogres
  A black mamba simulacrum (D:11)
  12 centaurs
  11 weeping skulls (D:11)
  9 kobold brigands
  11 bullfrogs
  4 gnoll sergeants
  2 scorpions
  Dowan (D:7)
  14 wights
  4 killer bees (D:7)
  6 howler monkeys
  3 jellies
  3 hounds
  10 orc priests
  A bombardier beetle (D:5)
  A sleepcap (D:8)
  3 iguanas
  5 hell rats (D:11)
  46 orc wizards
  A boggart simulacrum (D:11)
  24 gnolls
  8 adders
  4 white imps
  6 ufetubi
  A dart slug (D:1)
  85 orcs
  7 ball pythons
  2 bats
  5 endoplasms
  2 giant cockroaches
  3 goblins (D:10)
  5 hobgoblins
  3 quokkas
  5 frilled lizards
  19 kobolds
  4 rats
716 creatures vanquished.

Vanquished Creatures (others)
  An orc wizard (D:13)
1 creature vanquished.

Grand Total: 717 creatures vanquished

Notes
Turn   | Place    | Note
-------+----------+-------------------------------------------
     0 | D:1      | qw the Spriggan Hunter began the quest for the Orb.
     0 | D:1      | Reached XP level 1. HP: 10/10 MP: 2/2
     0 | D:1      | 0 ||| qw: Version: 0.3-a-157-g843a77d
     0 | D:1      | 0 ||| qw: Game counter: 3606
     0 | D:1      | 0 ||| qw: Melee chars always use a shield: true
     0 | D:1      | 0 ||| qw: God list: Okawaru
     0 | D:1      | 0 ||| qw: Allow faded altars: false
     0 | D:1      | 0 ||| qw: Do Orc after clearing Dungeon:15 true
     0 | D:1      | 0 ||| qw: Do second Lair branch before Depths: true
     0 | D:1      | 0 ||| qw: Lair rune preference: random
     0 | D:1      | 0 ||| qw: Goals: Normal
     0 | D:1      | 0 ||| PLANNING D:1-11
    74 | D:1      | Reached skill level 3 in Dodging
   285 | D:1      | Reached XP level 2. HP: 14/14 MP: 3/3
   522 | D:1      | 522 ||| UPGRADING to +4 ring of protection.
   523 | D:1      | 523 ||| READING scroll labelled PAUNIQ QENIELL.
   524 | D:1      | 524 ||| READING scroll labelled BANYOG YTITIO.
   524 | D:1      | 524 ||| IDENTIFYING bubbling white potion
   525 | D:1      | 525 ||| READING scroll labelled TIHAWI GEZAVYI.
   529 | D:1      | 529 ||| READING scroll labelled CAESTR JUL KOZA.
   529 | D:1      | 529 ||| ENCHANTING +0 shortbow.
   530 | D:1      | 530 ||| DROPPING scroll of butterflies.
   531 | D:1      | 531 ||| DROPPING potion of magic.
   644 | D:2      | Identified the +0 ring mail of the Shrike {rF+}
   660 | D:2      | Reached skill level 4 in Dodging
   721 | D:2      | Found a faded altar of an unknown god.
  1195 | D:2      | 1195 ||| READING scroll of identify.
  1195 | D:2      | 1195 ||| IDENTIFYING black potion
  1196 | D:2      | 1196 ||| READING scroll labelled NIAHUO MAR EGU.
  1196 | D:2      | 1196 ||| BRANDING +1 shortbow.
  1197 | D:2      | 1197 ||| DROPPING potion of lignification.
  1208 | D:3      | Reached XP level 3. HP: 18/18 MP: 4/4
  1212 | D:3      | 1212 ||| STAIRDANCE
  1263 | D:3      | Reached XP level 4. HP: 18/22 MP: 5/5
  1512 | D:3      | 1512 ||| READING scroll of enchant weapon.
  1512 | D:3      | 1512 ||| ENCHANTING +1 heavy shortbow.
  1526 | D:3      | Reached skill level 5 in Dodging
  1566 | D:3      | HP: 4/23 [orc priest/nerve-wracking pain (14)]
  1567 | D:3      | 1567 ||| READING scroll of teleportation.
  1570 | D:3      | Reached XP level 5. HP: 6/26 MP: 6/6
  1716 | D:3      | Noticed an ice beast
  1717 | D:3      | 1717 ||| RETREEEEATING.
  1719 | D:3      | 1719 ||| RETREEEEATING.
  1721 | D:3      | 1721 ||| RETREEEEATING.
  1724 | D:3      | 1724 ||| ZAPPING wand of acid (3) at -1,-2 (ice beast;
                  | floor).
  1725 | D:3      | 1725 ||| ZAPPING wand of acid (2) at 0,-1 (ice beast;
                  | floor).
  1726 | D:3      | 1726 ||| ZAPPING wand of acid (1) at 0,-1 (ice beast;
                  | floor).
  1728 | D:3      | Killed an ice beast
  1729 | D:3      | Reached skill level 6 in Ranged Weapons
  2165 | D:3      | 2165 ||| UPGRADING to scarf of repulsion.
  2170 | D:3      | 2170 ||| UPGRADING to +6 ring of strength.
  2171 | D:3      | 2171 ||| READING 2 scrolls of identify.
  2171 | D:3      | 2171 ||| IDENTIFYING lumpy blue potion
  2172 | D:3      | 2172 ||| READING scroll of identify.
  2172 | D:3      | 2172 ||| IDENTIFYING fuming cyan potion
  2173 | D:3      | 2173 ||| DRINKING 2 glowing clear potions.
  2219 | D:4      | Noticed a centaur
  2223 | D:4      | Killed a centaur
  2223 | D:4      | Noticed a black bear
  2224 | D:4      | Reached skill level 6 in Dodging
  2224 | D:4      | Reached XP level 6. HP: 21/30 MP: 7/7
  2224 | D:4      | 2224 ||| FLEEEEING.
  2225 | D:4      | 2225 ||| FLEEEEING.
  2228 | D:4      | 2228 ||| FLEEEEING.
  2233 | D:4      | HP: 7/30 [black bear (6)]
  2235 | D:4      | HP: 3/30 [black bear (4)]
  2372 | D:4      | 2372 ||| SWAPPING to +0 orcbow.
  2377 | D:4      | 2377 ||| DROPPING +2 heavy shortbow.
  2390 | D:4      | 2390 ||| READING scroll of enchant weapon.
  2390 | D:4      | 2390 ||| ENCHANTING +0 orcbow.
  2733 | D:4      | 2733 ||| RETREEEEATING.
  2743 | D:4      | Reached XP level 7. HP: 35/35 MP: 8/8
  3342 | D:4      | 3342 ||| READING scroll of identify.
  3342 | D:4      | 3342 ||| IDENTIFYING lumpy ruby potion
  3343 | D:4      | 3343 ||| READING scroll labelled SITTOILOUT.
  3344 | D:4      | 3344 ||| READING scroll labelled DOYLUP RAFUIDU.
  3345 | D:4      | 3345 ||| READING scroll labelled PAACKONIATH.
  3380 | D:5      | Entered Level 5 of the Dungeon
  3383 | D:5      | Found Suidoqe's Assorted Antiques.
  3451 | D:5      | Reached skill level 7 in Dodging
  3462 | D:5      | 3462 ||| BUYING scroll labelled CEM CADASITWE (26 gold).
  3462 | D:5      | Bought a scroll labelled CEM CADASITWE for 26 gold pieces
  3462 | D:5      | 3462 ||| BUYING scroll labelled VYETURI ELYLAZ (26 gold).
  3462 | D:5      | Bought a scroll labelled VYETURI ELYLAZ for 26 gold pieces
  3893 | D:5      | 3893 ||| READING scroll of brand weapon.
  3893 | D:5      | 3893 ||| BRANDING +1 orcbow.
  3924 | D:5      | Reached skill level 3 in Fighting
  3924 | D:5      | Reached XP level 8. HP: 35/40 MP: 9/9
  4404 | D:5      | 4404 ||| RETREEEEATING.
  4406 | D:5      | 4406 ||| RETREEEEATING.
  4408 | D:5      | 4408 ||| RETREEEEATING.
  4454 | D:5      | 4454 ||| READING scroll of identify.
  4454 | D:5      | 4454 ||| IDENTIFYING glowing dark potion
  4455 | D:5      | 4455 ||| READING scroll labelled CEM CADASITWE.
  4556 | D:5      | 4556 ||| READING scroll labelled VYETURI ELYLAZ.
  4556 | D:5      | 4556 ||| ENCHANTING +0 robe.
  4557 | D:5      | 4557 ||| DROPPING potion of invisibility.
  4616 | D:6      | Reached skill level 8 in Dodging
  4654 | D:6      | Reached skill level 9 in Ranged Weapons
  4777 | D:6      | Reached skill level 9 in Dodging
  4777 | D:6      | 4777 ||| FLEEEEING.
  4779 | D:6      | 4779 ||| FLEEEEING.
  4849 | D:6      | 4849 ||| FLEEEEING.
  4850 | D:6      | 4850 ||| FLEEEEING.
  4851 | D:6      | 4851 ||| FLEEEEING.
  4852 | D:6      | 4852 ||| FLEEEEING.
  4853 | D:6      | 4853 ||| FLEEEEING.
  4854 | D:6      | 4854 ||| FLEEEEING.
  4855 | D:6      | 4855 ||| FLEEEEING.
  4856 | D:6      | 4856 ||| FLEEEEING.
  4860 | D:6      | 4860 ||| FLEEEEING.
  4861 | D:6      | 4861 ||| STAIRDANCE
  4971 | D:6      | 4971 ||| Stepping ~*~*~tactically~*~*~ (cloud).
  5068 | D:6      | Reached XP level 9. HP: 38/44 MP: 10/10
  5068 | D:6      | 5068 ||| FLEEEEING.
  5069 | D:6      | 5069 ||| FLEEEEING.
  5070 | D:6      | 5070 ||| FLEEEEING.
  5071 | D:6      | 5071 ||| STAIRDANCE
  5089 | D:5      | 5089 ||| UPGRADING to +0 steam dragon scales.
  5099 | D:5      | 5099 ||| DROPPING +1 robe.
  5102 | D:6      | 5102 ||| STAIRDANCE
  5264 | D:6      | 5264 ||| READING scroll of enchant weapon.
  5264 | D:6      | 5264 ||| ENCHANTING +1 orcbow of draining.
  5466 | D:6      | 5466 ||| READING scroll labelled VIBYEJ TIEPPE.
  5601 | D:7      | 5601 ||| RETREEEEATING.
  5663 | D:7      | Reached skill level 10 in Dodging
  5759 | D:7      | Reached skill level 1 in Armour
  5762 | D:7      | Noticed Maurice
  5771 | D:7      | Maurice stole 281 gold
  5777 | D:7      | Killed Maurice
  5813 | D:7      | Noticed Duvessa
  5814 | D:7      | Noticed Dowan
  5818 | D:7      | Killed Duvessa
  5826 | D:7      | 5826 ||| FLEEEEING.
  5827 | D:7      | 5827 ||| FLEEEEING.
  5828 | D:7      | 5828 ||| FLEEEEING.
  5829 | D:7      | 5829 ||| FLEEEEING.
  5830 | D:7      | 5830 ||| FLEEEEING.
  5836 | D:7      | 5836 ||| FLEEEEING.
  5837 | D:7      | 5837 ||| FLEEEEING.
  5838 | D:7      | 5838 ||| FLEEEEING.
  5839 | D:7      | 5839 ||| FLEEEEING.
  5840 | D:7      | 5840 ||| FLEEEEING.
  5841 | D:7      | 5841 ||| FLEEEEING.
  5842 | D:7      | 5842 ||| FLEEEEING.
  5843 | D:7      | 5843 ||| FLEEEEING.
  5845 | D:7      | 5845 ||| FLEEEEING.
  5846 | D:7      | 5846 ||| FLEEEEING.
  5849 | D:7      | 5849 ||| FLEEEEING.
  5856 | D:7      | Killed Dowan
  5964 | D:7      | Reached skill level 11 in Dodging
  6067 | D:7      | Found a staircase to the Ecumenical Temple.
  6068 | D:7      | 6068 ||| PLANNING TEMPLE
  6068 | D:7      | 6068 ||| UPGRADING to amulet of reflection.
  6073 | D:7      | 6073 ||| READING scroll labelled TISEGU WUBUO.
  6074 | D:7      | 6074 ||| READING scroll labelled JEDEMO URUNOSH.
  6075 | D:7      | 6075 ||| READING scroll labelled MOSTRI ZETE.
  6076 | D:7      | 6076 ||| READING 2 scrolls labelled TUEK FAKKAAM.
  6077 | D:7      | 6077 ||| DROPPING scroll of blinking.
  6079 | D:7      | 6079 ||| Stepping ~*~*~tactically~*~*~ (cloud).
  6171 | Temple   | Entered the Ecumenical Temple
  6172 | Temple   | 6172 ||| PLANNING OKAWARU WORSHIP
  6176 | Temple   | Became a worshipper of Warmaster Okawaru
  6177 | Temple   | 6177 ||| PLANNING D:1-11
  6424 | D:8      | 6424 ||| RETREEEEATING.
  6425 | D:8      | 6425 ||| RETREEEEATING.
  6609 | D:8      | Found a broken altar of Ashenzari.
  6627 | D:8      | Noticed Joseph
  6628 | D:8      | Paralysed by Joseph for 2 turns
  6638 | D:8      | Killed Joseph
  6638 | D:8      | Reached * piety under Okawaru
  6639 | D:8      | Reached XP level 10. HP: 51/51 MP: 11/11
  6641 | D:8      | Noticed a two-headed ogre
  6642 | D:8      | 6642 ||| INVOKING Heroism.
  6643 | D:8      | 6643 ||| INVOKING Heroism.
  6647 | D:8      | Killed a two-headed ogre
  6648 | D:8      | Reached skill level 12 in Dodging
  6757 | D:8      | Identified the +0 robe of the Unbroken {rF+ rC+ Regen+
                  | Dex+3}
  6762 | D:8      | Noticed Jeremiah
  6764 | D:8      | 6764 ||| RETREEEEATING.
  6766 | D:8      | 6766 ||| RETREEEEATING.
  6768 | D:8      | 6768 ||| RETREEEEATING.
  6781 | D:8      | 6781 ||| RETREEEEATING.
  6782 | D:8      | 6782 ||| RETREEEEATING.
  6783 | D:8      | Noticed Prince Ribbit
  6783 | D:8      | 6783 ||| RETREEEEATING.
  6784 | D:8      | 6784 ||| RETREEEEATING.
  6785 | D:8      | 6785 ||| RETREEEEATING.
  6786 | D:8      | 6786 ||| RETREEEEATING.
  6798 | D:8      | Reached ** piety under Okawaru
  6802 | D:8      | Reached skill level 3 in Invocations
  6805 | D:8      | Killed Prince Ribbit
  6823 | D:8      | HP: 4/51 [Jeremiah/divine providence (12)]
  6824 | D:8      | 6824 ||| DRINKING 2 potions of heal wounds.
  6827 | D:8      | 6827 ||| DRINKING potion of heal wounds.
  6845 | D:8      | HP: 7/49 [Jeremiah/divine providence (9)]
  6846 | D:8      | 6846 ||| READING 2 scrolls of teleportation.
  6870 | D:8      | Killed Jeremiah
  6873 | D:8      | 6873 ||| FLEEEEING.
  6874 | D:8      | 6874 ||| FLEEEEING.
  6879 | D:8      | 6879 ||| FLEEEEING.
  6880 | D:8      | 6880 ||| FLEEEEING.
  6881 | D:8      | 6881 ||| FLEEEEING.
  6883 | D:8      | 6883 ||| FLEEEEING.
  6884 | D:8      | 6884 ||| FLEEEEING.
  6886 | D:8      | 6886 ||| FLEEEEING.
  6887 | D:8      | 6887 ||| FLEEEEING.
  6888 | D:8      | 6888 ||| FLEEEEING.
  6889 | D:8      | 6889 ||| FLEEEEING.
  6892 | D:8      | 6892 ||| FLEEEEING.
  6893 | D:8      | 6893 ||| FLEEEEING.
  6894 | D:8      | 6894 ||| FLEEEEING.
  6895 | D:8      | 6895 ||| FLEEEEING.
  6896 | D:8      | 6896 ||| FLEEEEING.
  6897 | D:8      | 6897 ||| FLEEEEING.
  6900 | D:8      | 6900 ||| FLEEEEING.
  6901 | D:8      | 6901 ||| FLEEEEING.
  6902 | D:8      | 6902 ||| FLEEEEING.
  6905 | D:8      | 6905 ||| FLEEEEING.
  6906 | D:8      | 6906 ||| FLEEEEING.
  6907 | D:8      | 6907 ||| FLEEEEING.
  6908 | D:8      | 6908 ||| FLEEEEING.
  6910 | D:8      | 6910 ||| FLEEEEING.
  6911 | D:8      | 6911 ||| FLEEEEING.
  6912 | D:8      | 6912 ||| FLEEEEING.
  6913 | D:8      | 6913 ||| FLEEEEING.
  6914 | D:8      | 6914 ||| FLEEEEING.
  6915 | D:8      | 6915 ||| FLEEEEING.
  6916 | D:8      | 6916 ||| FLEEEEING.
  6917 | D:8      | 6917 ||| FLEEEEING.
  6918 | D:8      | 6918 ||| FLEEEEING.
  6919 | D:8      | 6919 ||| FLEEEEING.
  6921 | D:8      | 6921 ||| FLEEEEING.
  6922 | D:8      | 6922 ||| FLEEEEING.
  6923 | D:8      | 6923 ||| FLEEEEING.
  6924 | D:8      | 6924 ||| FLEEEEING.
  6925 | D:8      | 6925 ||| STAIRDANCE
  7016 | D:7      | 7016 ||| UPGRADING to +0 robe of the Unbroken {rF+ rC+
                  | Regen+ Dex+3}.
  7026 | D:7      | 7026 ||| DROPPING +0 steam dragon scales.
  7027 | D:7      | 7027 ||| READING 2 scrolls of identify.
  7027 | D:7      | 7027 ||| IDENTIFYING glowing purple potion
  7028 | D:7      | 7028 ||| READING scroll of identify.
  7028 | D:7      | 7028 ||| IDENTIFYING white potion
  7029 | D:7      | 7029 ||| DROPPING potion of ambrosia.
  7404 | D:9      | Reached *** piety under Okawaru
  7548 | D:9      | 7548 ||| READING scroll of enchant weapon.
  7548 | D:9      | 7548 ||| ENCHANTING +2 orcbow of draining.
  7658 | D:9      | Reached skill level 13 in Dodging
  7665 | D:9      | 7665 ||| RETREEEEATING.
  7666 | D:9      | 7666 ||| RETREEEEATING.
  7667 | D:9      | 7667 ||| RETREEEEATING.
  7668 | D:9      | 7668 ||| RETREEEEATING.
  7669 | D:9      | 7669 ||| RETREEEEATING.
  7694 | D:9      | Reached skill level 12 in Ranged Weapons
  7799 | D:9      | Noticed a two-headed ogre
  7800 | D:9      | 7800 ||| INVOKING Heroism.
  7805 | D:9      | Killed a two-headed ogre
  7917 | D:10     | Entered Level 10 of the Dungeon
  7925 | D:10     | 7925 ||| RETREEEEATING.
  7926 | D:10     | 7926 ||| RETREEEEATING.
  7927 | D:10     | 7927 ||| RETREEEEATING.
  7928 | D:10     | 7928 ||| RETREEEEATING.
  7929 | D:10     | 7929 ||| RETREEEEATING.
  7930 | D:10     | 7930 ||| INVOKING Heroism.
  7931 | D:10     | 7931 ||| STAIRDANCE
  7935 | D:9      | Reached XP level 11. HP: 56/56 MP: 12/15
  8073 | D:10     | Reached **** piety under Okawaru
  8089 | D:10     | 8089 ||| RETREEEEATING.
  8091 | D:10     | 8091 ||| RETREEEEATING.
  8112 | D:10     | 8112 ||| FLEEEEING.
  8113 | D:10     | HP: 7/56 [orc priest/divine providence (14)]
  8114 | D:10     | 8114 ||| READING scroll of teleportation.
  8121 | D:10     | Noticed a two-headed ogre
  8122 | D:10     | 8122 ||| INVOKING Finesse.
  8136 | D:10     | Killed a two-headed ogre
  8137 | D:10     | Reached skill level 14 in Dodging
  8164 | D:10     | Noticed a skeletal warrior
  8165 | D:10     | 8165 ||| INVOKING Finesse.
  8178 | D:10     | Noticed a skeletal warrior
  8182 | D:10     | Killed a skeletal warrior
  8182 | D:10     | Noticed a skeletal warrior
  8199 | D:10     | Killed a skeletal warrior
  8219 | D:10     | 8219 ||| INVOKING Finesse.
  8243 | D:10     | Killed a skeletal warrior
  8266 | D:10     | 8266 ||| RETREEEEATING.
  8279 | D:10     | 8279 ||| RETREEEEATING.
  8283 | D:10     | Reached skill level 6 in Invocations
  8328 | D:10     | Noticed a centaur warrior
  8329 | D:10     | 8329 ||| INVOKING Finesse.
  8339 | D:10     | Killed a centaur warrior
  8345 | D:10     | Reached ***** piety under Okawaru
  8464 | D:10     | 8464 ||| RETREEEEATING.
  8595 | D:10     | Found a staircase to the Lair.
  8752 | D:10     | Received a gift from Okawaru
  8840 | D:10     | Found a flagged portal.
  8910 | D:10     | 8910 ||| PLANNING LAIR
  8910 | D:10     | 8910 ||| READING scroll of identify.
  8910 | D:10     | 8910 ||| IDENTIFYING coppery potion
  8911 | D:10     | 8911 ||| DROPPING potion of attraction.
  8956 | Lair:1   | Entered Level 1 of the Lair of Beasts
  9235 | Lair:1   | 9235 ||| RETREEEEATING.
  9237 | Lair:1   | 9237 ||| RETREEEEATING.
  9255 | Lair:1   | Reached XP level 12. HP: 60/60 MP: 18/18
  9278 | Lair:1   | 9278 ||| RETREEEEATING.
  9283 | Lair:1   | Reached skill level 15 in Dodging
  9642 | Lair:1   | 9642 ||| DROPPING amulet of the acrobat.
  9705 | Lair:2   | Noticed a four-headed hydra
  9706 | Lair:2   | 9706 ||| INVOKING Finesse.
  9707 | Lair:2   | 9707 ||| INVOKING Finesse.
  9713 | Lair:2   | Killed a four-headed hydra
  9800 | Lair:2   | Identified the +4 shortbow of Overwhelming Force {freeze,
                  | rElec}
  9890 | Lair:2   | 9890 ||| INVOKING Finesse.
  9963 | Lair:2   | 9963 ||| READING scroll of enchant weapon.
  9963 | Lair:2   | 9963 ||| ENCHANTING +3 orcbow of draining.
  9967 | Lair:2   | Noticed a five-headed hydra
  9968 | Lair:2   | 9968 ||| INVOKING Finesse.
  9969 | Lair:2   | 9969 ||| INVOKING Finesse.
  9973 | Lair:2   | Killed a five-headed hydra
 10095 | Lair:2   | 10095 ||| RETREEEEATING.
 10103 | Lair:2   | 10103 ||| RETREEEEATING.
 10197 | Lair:2   | Reached skill level 9 in Invocations
 10214 | Lair:2   | Found a staircase to the Snake Pit.
 10677 | Lair:2   | 10677 ||| READING scroll of identify.
 10677 | Lair:2   | 10677 ||| IDENTIFYING orange potion
 10678 | Lair:2   | 10678 ||| DROPPING potion of brilliance.
 10729 | Lair:3   | 10729 ||| RETREEEEATING.
 10731 | Lair:3   | 10731 ||| RETREEEEATING.
 10735 | Lair:3   | 10735 ||| RETREEEEATING.
 10743 | Lair:3   | 10743 ||| RETREEEEATING.
 11094 | Lair:3   | 11094 ||| RETREEEEATING.
 11095 | Lair:3   | 11095 ||| RETREEEEATING.
 11097 | Lair:3   | 11097 ||| RETREEEEATING.
 11098 | Lair:3   | 11098 ||| RETREEEEATING.
 11101 | Lair:3   | 11101 ||| RETREEEEATING.
 11120 | Lair:3   | Reached skill level 6 in Fighting
 11134 | Lair:3   | 11134 ||| RETREEEEATING.
 11138 | Lair:3   | 11138 ||| RETREEEEATING.
 11139 | Lair:3   | 11139 ||| RETREEEEATING.
 11140 | Lair:3   | 11140 ||| RETREEEEATING.
 11495 | Lair:3   | Found a staircase to the Swamp.
 11642 | Lair:3   | Reached skill level 16 in Dodging
 11828 | Lair:3   | 11828 ||| READING scroll labelled HYNOEM BEFORO.
 11860 | Lair:4   | 11860 ||| STAIRDANCE
 11925 | Lair:4   | Found a viscous altar of Jiyva.
 11925 | Lair:4   | Found a staircase to the Slime Pits.
 11953 | Lair:4   | Received a gift from Okawaru
 11960 | Lair:4   | 11960 ||| RETREEEEATING.
 11961 | Lair:4   | 11961 ||| RETREEEEATING.
 11962 | Lair:4   | 11962 ||| RETREEEEATING.
 11972 | Lair:4   | Reached XP level 13. HP: 41/65 MP: 21/21
 12129 | Lair:4   | 12129 ||| INVOKING Finesse.
 12223 | Lair:4   | 12223 ||| RETREEEEATING.
 12224 | Lair:4   | 12224 ||| RETREEEEATING.
 12225 | Lair:4   | 12225 ||| RETREEEEATING.
 12240 | Lair:4   | Reached skill level 15 in Ranged Weapons
 12241 | Lair:4   | 12241 ||| INVOKING Finesse.
 12623 | Lair:4   | Received a gift from Okawaru
 12624 | Lair:4   | Reached skill level 17 in Dodging
 12661 | Lair:4   | 12661 ||| READING 3 scrolls of identify.
 12661 | Lair:4   | 12661 ||| IDENTIFYING sapphire potion
 12662 | Lair:4   | 12662 ||| DROPPING potion of berserk rage.
 12687 | Lair:5   | Entered Level 5 of the Lair of Beasts
 12694 | Lair:5   | 12694 ||| STAIRDANCE
 12735 | Lair:5   | 12735 ||| RETREEEEATING.
 12736 | Lair:5   | 12736 ||| RETREEEEATING.
 12738 | Lair:5   | 12738 ||| RETREEEEATING.
 12741 | Lair:5   | 12741 ||| RETREEEEATING.
 12742 | Lair:5   | 12742 ||| RETREEEEATING.
 12743 | Lair:5   | 12743 ||| RETREEEEATING.
 12744 | Lair:5   | 12744 ||| RETREEEEATING.
 12972 | Lair:5   | 12972 ||| RETREEEEATING.
 12973 | Lair:5   | 12973 ||| RETREEEEATING.
 12974 | Lair:5   | 12974 ||| RETREEEEATING.
 12978 | Lair:5   | 12978 ||| RETREEEEATING.
 12983 | Lair:5   | 12983 ||| RETREEEEATING.
 12984 | Lair:5   | 12984 ||| RETREEEEATING.
 12986 | Lair:5   | Received a gift from Okawaru
 13025 | Lair:5   | 13025 ||| INVOKING Finesse.
 13026 | Lair:5   | 13026 ||| INVOKING Heroism.
 13091 | Lair:5   | Found a runed translucent door.
 13091 | Lair:5   | Noticed qw's ghost (journeyman SpHu)
 13096 | Lair:5   | 13096 ||| INVOKING Finesse.
 13108 | Lair:5   | 13108 ||| RETREEEEATING.
 13109 | Lair:5   | 13109 ||| RETREEEEATING.
 13125 | Lair:5   | 13125 ||| RETREEEEATING.
 13130 | Lair:5   | 13130 ||| RETREEEEATING.
 13131 | Lair:5   | 13131 ||| RETREEEEATING.
 13134 | Lair:5   | 13134 ||| RETREEEEATING.
 13134 | Lair:5   | HP: 9/67 [wind drake/the air (22)]
 13135 | Lair:5   | 13135 ||| READING 2 scrolls of teleportation.
 13136 | Lair:5   | 13136 ||| RETREEEEATING.
 13137 | Lair:5   | 13137 ||| RETREEEEATING.
 13138 | Lair:5   | 13138 ||| RETREEEEATING.
 13143 | Lair:5   | 13143 ||| FLEEEEING.
 13144 | Lair:5   | 13144 ||| FLEEEEING.
 13145 | Lair:5   | 13145 ||| READING scroll of teleportation.
 13404 | Lair:5   | 13404 ||| RETREEEEATING.
 13407 | Lair:5   | 13407 ||| RETREEEEATING.
 13438 | Lair:5   | 13438 ||| INVOKING Finesse.
 13447 | Lair:5   | Reached skill level 18 in Dodging
 13531 | Lair:5   | Received a gift from Okawaru
 13534 | Lair:5   | Identified the +9 rapier "Qeinaf" {holy, ^Contam rF++ Int+2
                  | SInv}
 13535 | Lair:5   | Got an earthy gem with 698 turns to spare
 13564 | Lair:5   | Reached XP level 14. HP: 72/72 MP: 22/22
 13567 | Lair:5   | 13567 ||| RETREEEEATING.
 13568 | Lair:5   | 13568 ||| RETREEEEATING.
 13569 | Lair:5   | 13569 ||| RETREEEEATING.
 13915 | Lair:5   | 13915 ||| PLANNING D:1-11
 13915 | Lair:5   | 13915 ||| DROPPING ring of magical power.
 13916 | Lair:5   | 13916 ||| READING 3 scrolls of identify.
 13916 | Lair:5   | 13916 ||| IDENTIFYING glowing white potion
 14078 | D:11     | Found a runed translucent gate.
 14188 | D:11     | 14188 ||| READING scroll of enchant weapon.
 14188 | D:11     | 14188 ||| ENCHANTING +4 orcbow of draining.
 14354 | D:11     | Found a runed translucent gate.
 14354 | D:11     | Found a runed translucent gate.
 14356 | D:11     | Noticed qw's ghost (journeyman DEHu)
 14486 | D:11     | Reached skill level 19 in Dodging
 14654 | D:11     | Received a gift from Okawaru
 14834 | D:11     | Found an ancient bone altar of Kikubaaqudgha.
 14866 | D:11     | Identified the +1 longbow "Hashubb" {antimagic, Str+7}
 14912 | D:11     | 14912 ||| RETREEEEATING.
 14913 | D:11     | 14913 ||| RETREEEEATING.
 14915 | D:11     | 14915 ||| RETREEEEATING.
 14917 | D:11     | 14917 ||| RETREEEEATING.
 14918 | D:11     | 14918 ||| RETREEEEATING.
 14919 | D:11     | 14919 ||| RETREEEEATING.
 15148 | D:11     | 15148 ||| PLANNING D
 15148 | D:11     | 15148 ||| DROPPING scarf of harm.
 15261 | D:12     | Found a staircase to the Orcish Mines.
 15344 | D:12     | 15344 ||| RETREEEEATING.
 15345 | D:12     | 15345 ||| RETREEEEATING.
 15716 | D:13     | 15716 ||| PLANNING GAUNTLET
 15762 | D:13     | Found a gate leading to a gauntlet.
 15768 | Gauntlet | Entered a Gauntlet
 15768 | Gauntlet | Found a transporter.
 15778 | Gauntlet | Found a transporter.
 15780 | Gauntlet | Found a transporter.
 15781 | Gauntlet | Found a transporter.
 15790 | Gauntlet | Found a transporter.
 15792 | Gauntlet | Found a transporter.
 15793 | Gauntlet | Found a transporter.
 15797 | Gauntlet | Found a runed translucent door.
 15802 | Gauntlet | Found a transporter.
 15805 | Gauntlet | Found a transporter.
 15806 | Gauntlet | Found a transporter.
 15809 | Gauntlet | Found a runed translucent door.
 15814 | Gauntlet | Found a transporter.
 15817 | Gauntlet | Found a transporter.
 15818 | Gauntlet | Found a transporter.
 15826 | Gauntlet | Found a transporter.
 15998 | Gauntlet | Identified the staff of Untimely Demise {rC+ Str+5 Ice}
 15998 | Gauntlet | Identified the +7 great sword "Wueneris" {antimagic, rElec
                  | rN+ Will+ Int+3}
 16042 | D:13     | 16042 ||| PLANNING D
 16221 | D:13     | Reached skill level 20 in Dodging
 16467 | D:13     | Noticed Josephine
 16480 | D:13     | Killed Josephine
 16516 | D:13     | 16516 ||| RETREEEEATING.
 16594 | D:13     | Reached ****** piety under Okawaru
 16618 | D:13     | 16618 ||| INVOKING Receive Weapon.
 16618 | D:13     | 16618 ||| ACQUIRING +4 orcbow "Ebok" {elec, rF- rC+++ Int+2
                  | Dex+2}
 16618 | D:13     | Acquired the +4 orcbow "Ebok" {elec, rF- rC+++ Int+2 Dex+2}
 16618 | D:13     | Received a gift from Okawaru
 16619 | D:13     | 16619 ||| INVOKING Receive Armour.
 16619 | D:13     | 16619 ||| ACQUIRING +3 hat "Dez Bunu" {rPois rC++ Dex-3
                  | Slay+6}
 16619 | D:13     | Acquired the +3 hat "Dez Bunu" {rPois rC++ Dex-3 Slay+6}
 16619 | D:13     | Received a gift from Okawaru
 16620 | D:13     | 16620 ||| UPGRADING to +2 hat of willpower.
 16626 | D:13     | 16626 ||| SWAPPING to +4 orcbow "Ebok" {elec, rF- rC+++
                  | Int+2 Dex+2}.
 16627 | D:13     | 16627 ||| UPGRADING to +3 hat "Dez Bunu" {rPois rC++ Dex-3
                  | Slay+6}.
 16637 | D:13     | 16637 ||| SWAPPING to +5 orcbow of draining.
 16638 | D:13     | 16638 ||| DROPPING +2 hat of willpower.
 16695 | D:13     | Found a gate to the Vaults.
 17136 | D:13     | 17136 ||| UPGRADING to +6 ring of dexterity.
 17138 | D:13     | 17138 ||| DROPPING ring of ice.
 17139 | D:13     | 17139 ||| UPGRADING to +4 ring of protection.
 17141 | D:13     | 17141 ||| DROPPING +6 ring of strength.
 17163 | D:14     | 17163 ||| STAIRDANCE
 17172 | D:14     | 17172 ||| STAIRDANCE
 17178 | D:14     | 17178 ||| STAIRDANCE
 17182 | D:13     | Reached skill level 21 in Dodging
 17183 | D:13     | Received a gift from Okawaru
 17351 | D:14     | 17351 ||| RETREEEEATING.
 17352 | D:14     | 17352 ||| RETREEEEATING.
 17353 | D:14     | 17353 ||| RETREEEEATING.
 17355 | D:14     | 17355 ||| RETREEEEATING.
 17357 | D:14     | 17357 ||| RETREEEEATING.
 17360 | D:14     | Reached XP level 15. HP: 78/78 MP: 23/23
 17365 | D:14     | 17365 ||| RETREEEEATING.
 18035 | D:14     | 18035 ||| DROPPING +6 ring of intelligence.
 18044 | D:15     | Entered Level 15 of the Dungeon
 18065 | D:15     | Reached skill level 22 in Dodging
 18069 | D:15     | Reached skill level 9 in Fighting
 18075 | D:15     | 18075 ||| RETREEEEATING.
 18076 | D:15     | 18076 ||| RETREEEEATING.
 18077 | D:15     | 18077 ||| RETREEEEATING.
 18078 | D:15     | 18078 ||| RETREEEEATING.
 18079 | D:15     | 18079 ||| RETREEEEATING.
 18080 | D:15     | 18080 ||| INVOKING Finesse.
 18310 | D:15     | Found a white marble altar of Elyvilon.
 18323 | D:15     | Received a gift from Okawaru
 18401 | D:15     | Found a staircase to the Depths.
 18466 | D:15     | Noticed Azrael
 18489 | D:15     | Killed Azrael
 18571 | D:15     | 18571 ||| INVOKING Finesse.
 18580 | D:15     | Reached skill level 23 in Dodging
 18662 | D:15     | 18662 ||| PLANNING ORC
 18778 | Orc:1    | Entered Level 1 of the Orcish Mines
 18879 | Orc:2    | Entered Level 2 of the Orcish Mines
 18880 | Orc:2    | Noticed Erolcha
 18884 | Orc:2    | Killed Erolcha
 18888 | Orc:2    | 18888 ||| STAIRDANCE
 19045 | Orc:1    | 19045 ||| SWAPPING to +2 arbalest of flaming.
 19046 | Orc:1    | 19046 ||| DROPPING +5 orcbow of draining.
 19282 | Orc:2    | 19282 ||| STAIRDANCE
 19301 | Orc:2    | 19301 ||| STAIRDANCE
 19473 | Orc:2    | Found a staircase to the Elven Halls.
 19479 | Orc:2    | Noticed Snorg
 19486 | Orc:2    | 19486 ||| INVOKING Finesse.
 19487 | Orc:2    | 19487 ||| INVOKING Heroism.
 19492 | Orc:2    | Killed Snorg
 19610 | Orc:2    | 19610 ||| RETREEEEATING.
 19611 | Orc:2    | 19611 ||| RETREEEEATING.
 19612 | Orc:2    | 19612 ||| RETREEEEATING.
 19613 | Orc:2    | 19613 ||| RETREEEEATING.
 19614 | Orc:2    | 19614 ||| RETREEEEATING.
 19615 | Orc:2    | 19615 ||| RETREEEEATING.
 19616 | Orc:2    | 19616 ||| RETREEEEATING.
 19617 | Orc:2    | 19617 ||| RETREEEEATING.
 19622 | Orc:2    | 19622 ||| RETREEEEATING.
 19623 | Orc:2    | 19623 ||| RETREEEEATING.
 19624 | Orc:2    | 19624 ||| RETREEEEATING.
 19625 | Orc:2    | 19625 ||| RETREEEEATING.
 19626 | Orc:2    | 19626 ||| RETREEEEATING.
 19627 | Orc:2    | 19627 ||| RETREEEEATING.
 19628 | Orc:2    | 19628 ||| RETREEEEATING.
 19629 | Orc:2    | 19629 ||| RETREEEEATING.
 19630 | Orc:2    | 19630 ||| RETREEEEATING.
 19631 | Orc:2    | 19631 ||| RETREEEEATING.
 19632 | Orc:2    | 19632 ||| RETREEEEATING.
 19634 | Orc:2    | 19634 ||| RETREEEEATING.
 19635 | Orc:2    | 19635 ||| RETREEEEATING.
 19636 | Orc:2    | 19636 ||| RETREEEEATING.
 19637 | Orc:2    | 19637 ||| RETREEEEATING.
 19640 | Orc:2    | 19640 ||| RETREEEEATING.
 19641 | Orc:2    | 19641 ||| INVOKING Finesse.
 19649 | Orc:2    | Received a gift from Okawaru
 19829 | Orc:2    | Found Xeagiodghi's Magic Scroll Boutique.
 19842 | Orc:2    | 19842 ||| BUYING scroll of enchant armour (105 gold).
 19842 | Orc:2    | Bought a scroll of enchant armour for 105 gold pieces
 19842 | Orc:2    | 19842 ||| BUYING scroll of enchant weapon (105 gold).
 19842 | Orc:2    | Bought a scroll of enchant weapon for 105 gold pieces
 19842 | Orc:2    | 19842 ||| BUYING scroll of enchant weapon (105 gold).
 19842 | Orc:2    | Bought a scroll of enchant weapon for 105 gold pieces
 19842 | Orc:2    | 19842 ||| BUYING scroll of identify (28 gold).
 19842 | Orc:2    | Bought a scroll of identify for 28 gold pieces
 19842 | Orc:2    | 19842 ||| BUYING scroll of identify (28 gold).
 19842 | Orc:2    | Bought a scroll of identify for 28 gold pieces
 19842 | Orc:2    | 19842 ||| BUYING scroll of teleportation (42 gold).
 19842 | Orc:2    | Bought a scroll of teleportation for 42 gold pieces
 19842 | Orc:2    | 19842 ||| READING 2 scrolls of enchant weapon.
 19842 | Orc:2    | 19842 ||| ENCHANTING +2 arbalest of flaming.
 19843 | Orc:2    | 19843 ||| READING scroll of enchant weapon.
 19843 | Orc:2    | 19843 ||| ENCHANTING +3 arbalest of flaming.
 19861 | Orc:2    | Found an ancient bone altar of Kikubaaqudgha.
 19861 | Orc:2    | Noticed Nergalle
 19873 | Orc:2    | Killed Nergalle
 19895 | Orc:2    | Found Yduib's Jewellery Boutique.
 19912 | Orc:2    | 19912 ||| BUYING +5 ring of evasion (504 gold).
 19912 | Orc:2    | Bought a +5 ring of evasion for 504 gold pieces
 19920 | Orc:2    | Noticed Donald
 19921 | Orc:2    | 19921 ||| RETREEEEATING.
 19925 | Orc:2    | 19925 ||| ZAPPING wand of acid (6) at -4,1 (Donald; floor).
 19926 | Orc:2    | 19926 ||| ZAPPING wand of acid (5) at -3,1 (Donald; floor).
 19927 | Orc:2    | 19927 ||| RETREEEEATING.
 19929 | Orc:2    | 19929 ||| RETREEEEATING.
 19930 | Orc:2    | 19930 ||| RETREEEEATING.
 19931 | Orc:2    | 19931 ||| RETREEEEATING.
 19933 | Orc:2    | 19933 ||| RETREEEEATING.
 19934 | Orc:2    | 19934 ||| RETREEEEATING.
 19935 | Orc:2    | 19935 ||| RETREEEEATING.
 19936 | Orc:2    | 19936 ||| INVOKING Finesse.
 19937 | Orc:2    | 19937 ||| INVOKING Heroism.
 19943 | Orc:2    | Killed Donald
 19999 | Orc:2    | Found Unyff's Antique Armour Shop.
 20010 | Orc:2    | 20010 ||| BUYING runed robe (114 gold).
 20010 | Orc:2    | Bought a runed robe for 114 gold pieces
 20031 | Orc:2    | Found a radiant altar of Vehumet.
 20059 | Orc:2    | Found Neocel's Distillery.
 20067 | Orc:2    | 20067 ||| BUYING potion of curing (48 gold).
 20067 | Orc:2    | Bought a potion of curing for 48 gold pieces
 20067 | Orc:2    | 20067 ||| BUYING potion of curing (48 gold).
 20067 | Orc:2    | Bought a potion of curing for 48 gold pieces
 20067 | Orc:2    | 20067 ||| BUYING potion of haste (160 gold).
 20067 | Orc:2    | Bought a potion of haste for 160 gold pieces
 20067 | Orc:2    | 20067 ||| BUYING potion of might (64 gold).
 20067 | Orc:2    | Bought a potion of might for 64 gold pieces
 20067 | Orc:2    | 20067 ||| BUYING potion of mutation (128 gold).
 20067 | Orc:2    | Bought a potion of mutation for 128 gold pieces
 20255 | Orc:2    | 20255 ||| PLANNING SWAMP:1-3
 20255 | Orc:2    | 20255 ||| DROPPING +1 robe of willpower.
 20267 | Orc:2    | 20267 ||| UPGRADING to +5 ring of evasion.
 20282 | Orc:2    | 20282 ||| DROPPING +4 ring of protection.
 20473 | Swamp:1  | Entered Level 1 of the Swamp
 20480 | Swamp:1  | Noticed Jorgrun
 20481 | Swamp:1  | 20481 ||| INVOKING Finesse.
 20493 | Swamp:1  | Killed Jorgrun
 20493 | Swamp:1  | Received a gift from Okawaru
 20615 | Swamp:1  | HP: 2/79 [constriction (21)]
 20616 | Swamp:1  | 20616 ||| READING 3 scrolls of teleportation.
 20616 | Swamp:1  | Constricted to death by a shambling mangrove

Levels and vault maps discovered:
D:1:      minmay_arrival_nine_rooms, layout_basic
D:2:      layout_basic, chequers_ecumenical_altar_island
D:3:      layout_basic
D:4:      minmay_angry_zag, layout_loops_corners
D:5:      layout_rooms, serial_shops, nicolae_shop_tiny_waterfront,
          serial_co_window_serial, co_window_paths_a, co_window_paths_a,
          co_window_paths_a, co_window_paths_a, co_window_corner_a,
          co_window_paths_b, co_window_cross_2, co_window_corner_ca,
          co_window_broadway_b, co_window_paths_c, co_window_corner_ca,
          co_window_cross_2, co_window_of_opportunity_b, co_window_4corner_b,
          co_window_paths_d, glass_columns_b, glass_columns_c, glass_columns_b,
          glass_columns_a, glass_columns_a
D:6:      layout_rooms, bh_walls_and_bars
D:7:      layout_basic, minmay_temple_entry_nine_rooms, uniq_duvessa,
          uniq_maurice
D:8:      layout_loops_ring, ashenzari_altar_1, nrook_mini_backslash,
          uniq_joseph, uniq_prince_ribbit1, uniq_jeremiah
D:9:      layout_grid_maze
D:10:     minmay_the_grid_octo_tiled_squarecenter
          [minmay_the_grid_octo_concentric, minmay_the_grid_octo_empty,
          minmay_the_grid_octo_focus, minmay_the_grid_octo_chip,
          minmay_the_grid_square_5x5_megaprize_hollow,
          minmay_the_grid_square_5x5_inner_z, minmay_the_grid_square_5x5_plus,
          minmay_the_grid_square_5x5_pentomino_r,
          minmay_the_grid_square_5x5_inner_i], layout_rooms, dpeg_oklobed_lair,
          enter_bailey_7
D:11:     lemuel_vampire_tower, layout_loops_ring, gammafunk_ghost_hydra_chop
D:12:     layout_cave_pools, erik_orc_3
D:13:     layout_basic, hangedman_vaults_entry_quadrant_bands,
          gauntlet_entry_generic, uniq_josephine
D:14:     layout_stronghold, serial_park_square3 [serial_park_minivault_5x5_8],
          dreamdust_princess_corridor
D:15:     grunt_enter_depths_snipers, layout_cave_pools, nrook_mini_vaults,
          nicolae_elyvilon_peaceful_grove, uniq_azrael
Temple:   compressed_dpeg_triangle_lava_temple
Lair:1:   layout_regular_city
Lair:2:   layout_cave_pods, guppyfry_snake_entry_garden
Lair:3:   layout_regular_city, mainiacjoe_swamp_entry_lozenge_pond,
          chequers_serial_rivers_small_a, guppyfry_lair_drakes
Lair:4:   layout_misc_corridors, slime_entry_1, gammafunk_lair_bear_cave
Lair:5:   gammafunk_lair_ancient_temple, layout_regular_city,
          hellmonk_ghost_happy_afterlife
Swamp:1:  layout_basic_swamp, nicolae_swamp_small_spring, swamp_pool_3,
          uniq_jorgrun
Orc:1:    layout_caves
Orc:2:    kennysheep_orc_mage_school, layout_diamond_mine, uniq_snorg,
          uniq_erolcha, uniq_donald

Skill      XL: |  1  2  3  4  5  6  7  8  9 10 11 12 13 14 15 |
---------------+----------------------------------------------+-----
Dodging        | 3 4 5 6 7 9 11 13 14 16 18 21 23 | 23.3
Ranged Weapons | 5 6 7 8 9 11 12 13 14 16 17 | 17.6
Fighting       | 2 3 4 5 6 7 8 9 |  9.0
Armour         | 1 |  1.4
Invocations    | 4 7 10 | 10.0
Stealth        | |  1.5

Action                     |  1- 3 |  4- 6 |  7- 9 | 10-12 | 13-15 || total
---------------------------+-------+-------+-------+-------+-------++-------
   Fire: Shortbow          |    46 |    48 |       |       |       ||    94
         Orcbow            |       |    40 |   369 |   680 |  1459 ||  2548
         Arbalest          |       |       |       |       |   234 ||   234
 Invoke: Heroism           |       |       |       |     3 |     3 ||     6
         Finesse           |       |       |       |     7 |    11 ||    18
         Receive Weapon    |       |       |       |       |     1 ||     1
         Receive Armour    |       |       |       |       |     1 ||     1
  Evoke: Wand              |       |     3 |       |       |     2 ||     5
    Use: Scroll            |     6 |     5 |    14 |     9 |     8 ||    42
         Potion            |       |     1 |       |     2 |       ||     3
 Armour: Robe              |     3 |    18 |    28 |    32 |    90 ||   171
         Steam dragon scal |       |       |    21 |     7 |       ||    28
  Dodge: Dodged            |     7 |    64 |   206 |   239 |   601 ||  1117
         Repelled          |       |       |     2 |       |     3 ||     5
  Block: Other             |       |       |     4 |    41 |    99 ||   144
         Reflection        |       |       |     2 |     2 |    12 ||    16

Table legend:
 A = Non-vault XP
 B = Vault XP
 C = Vault XP percentage of total XP
 D = Non-vault monster count
 E = Vault monster count
 F = Vault count percentage of total count
                 A         B        C        D         E       F
            +---------+---------+-------+---------+---------+-------
      Total |   96230 |   54287 |  36.1 |     514 |     203 |  28.3
            +---------+---------+-------+---------+---------+-------
        D:1 |      14 |       0 |   0.0 |       7 |       0 |   0.0
        D:2 |      25 |       0 |   0.0 |       9 |       0 |   0.0
        D:3 |     324 |       0 |   0.0 |      26 |       0 |   0.0
        D:4 |     484 |       5 |   1.0 |      14 |       4 |  22.2
        D:5 |     772 |       0 |   0.0 |      25 |       0 |   0.0
        D:6 |    1264 |       0 |   0.0 |      26 |       0 |   0.0
        D:7 |     972 |     699 |  41.8 |      20 |       3 |  13.0
        D:8 |    2269 |    1123 |  33.1 |      38 |       3 |   7.3
        D:9 |    3129 |     388 |  11.0 |      15 |       1 |   6.2
       D:10 |    4037 |    4587 |  53.2 |      28 |      24 |  46.2
       D:11 |    1839 |    7717 |  80.8 |       6 |      46 |  88.5
       D:12 |    3833 |    1260 |  24.7 |      23 |      18 |  43.9
       D:13 |    7390 |    7902 |  51.7 |      22 |      21 |  48.8
       D:14 |    8353 |    1814 |  17.8 |      16 |       3 |  15.8
       D:15 |   10516 |    4452 |  29.7 |      22 |       9 |  29.0
     Lair:1 |    2681 |       0 |   0.0 |      12 |       0 |   0.0
     Lair:2 |    5169 |     320 |   5.8 |      13 |       2 |  13.3
     Lair:3 |    6117 |    2227 |  26.7 |      27 |       6 |  18.2
     Lair:4 |   10895 |     833 |   7.1 |      32 |       3 |   8.6
     Lair:5 |   12045 |    6431 |  34.8 |      38 |      15 |  28.3
    Swamp:1 |    5737 |    1913 |  25.0 |      15 |       1 |   6.2
      Orc:1 |    2974 |       0 |   0.0 |      32 |       0 |   0.0
      Orc:2 |    5391 |   10806 |  66.7 |      48 |      41 |  46.1
   Gauntlet |       0 |    1810 | 100.0 |       0 |       3 | 100.0
            +---------+---------+-------+---------+---------+-------
